 Dungeon Crawl Stone Soup version 0.25-a0-861-g340c9e8194 (webtiles) character file.

Game seed: 7122354399822722993, levelgen mode: deterministic

37 Error4North the Skirmisher (level 3, 0/33 HPs)
             Began as a Hill Orc Fighter on Apr 29, 2020.
             Slain by a centaur (5 damage)
             ... on level 2 of the Dungeon.
             The game lasted 00:01:19 (844 turns).

Error4North the Skirmisher (Hill Orc Fighter)        Turns: 844, Time: 00:01:19

Health: 0/33       AC:  7    Str: 19    XL:     3   Next: 39%
Magic:  3/3        EV:  7    Int:  8    God:
Gold:   42         SH:  9    Dex: 10    Spells: 2/2 levels left

rFire    . . .     SeeInvis .   a - +0 war axe
rCold    . . .     Gourm    .   c - +0 kite shield
rNeg     . . .     Faith    .   b - +0 scale mail
rPois    .         Spirit   .   (no helmet)
rElec    .         Reflect  .   (no cloak)
rCorr    .         Harm     .   (no gloves)
MR       .....                  (no boots)
Stlth    ..........             (no amulet)
HPRegen  0.11/turn              (no ring)
MPRegen  0.08/turn              (no ring)

@: no status effects
A: no striking features
a: no special abilities


You were on level 2 of the Dungeon.
You were not hungry.

You visited 1 branch of the dungeon, and saw 2 of its levels.

You collected 42 gold pieces.

Inventory:

Hand Weapons
 a - a +0 war axe (weapon)
Armour
 b - a +0 scale mail (worn)
 c - a +0 kite shield (worn)
Jewellery
 l - an uncursed ring of ice {unknown}
Scrolls
 e - a scroll of teleportation {unknown}
 g - a scroll of remove curse {unknown}
 h - a scroll of magic mapping {unknown}
 j - a scroll of noise {unknown}
 k - a scroll of identify {unknown}
Potions
 d - a potion of might
 i - a potion of degeneration {unknown}
 m - 2 potions of curing {unknown}
Comestibles
 f - 2 rations


   Skills:
 * Level 4.0 Fighting
 + Level 3.6 Axes
 * Level 3.7 Armour
 * Level 3.5 Shields


You had 2 spell levels left.
You didn't know any spells.
Your spell library was empty.

Dungeon Overview and Level Annotations

Branches:
Dungeon (2/15)

Altars:


Message History

a +0 short sword; a kobold corpse You start resting.
A centaur comes into view.
The centaur shouts!
The centaur wields a +0 shortbow.
The centaur shoots an arrow.
The arrow hits you!
You see here an arrow.
The centaur shoots an arrow.
You block the arrow.
You see here an arrow.
The centaur shoots an arrow.
The arrow hits you!
* * * LOW HITPOINT WARNING * * *
You see here an arrow.
A shadow imp comes into view.
The shadow imp shouts!
You hear a shout!
The centaur unwields a +0 shortbow.
The centaur barely misses you.
A bat comes into view.
You slash the centaur!
The centaur is heavily wounded.
The centaur barely misses you. The centaur hits you.
You die...

#.#
#............
###
#........###
#........#
#........#
#.....)..#
#......(.#
#......(.#
#......(.#
#...[..@.#
#######c##
#.# #b# ..#
..# .5# ##.#


You could see a centaur, a shadow imp and a bat.

Vanquished Creatures
  A worker ant (D:2)
  2 leopard geckos (D:1)
  A ball python (D:1)
  A giant cockroach (D:1)
  2 hobgoblins
  2 jackals (D:1)
  A bat (D:1)
  A kobold (D:2)
  A rat (D:1)
12 creatures vanquished.

Notes
Turn   | Place    | Note
-------+----------+-------------------------------------------
     0 | D:1      | Error4North the Hill Orc Fighter began the quest for the
                  | Orb.
     0 | D:1      | Reached XP level 1. HP: 19/19 MP: 1/1
   206 | D:1      | Reached XP level 2. HP: 27/27 MP: 2/2
   773 | D:2      | Reached skill level 4 in Fighting
   773 | D:2      | Reached XP level 3. HP: 29/33 MP: 3/3
   839 | D:2      | Noticed a centaur
   844 | D:2      | Slain by a centaur

Levels and vault maps discovered:
D:1:      dpeg_arrival_lava_temple_mockup, layout_loops_ring, serial_rivers,
          chequers_serial_rivers_room_a, chequers_serial_rivers_micro_b,
          chequers_serial_rivers_large_a, chequers_serial_rivers_small_a,
          minmay_fountain_box
D:2:      layout_basic, fedhas_ov_isle_minmay, first_ration

Skill      XL: |  1  2 |
---------------+-------+-----
Fighting       | 4 |  4.0
Axes           | 3 |  3.6
Armour         | |  3.7
Shields        | |  3.5

Action                   || total
-------------------------++-------
Melee: War axe           ||    44
Armor: Scale mail        ||    21
Dodge: Dodged            ||    15
Block: Kite shield       ||    20

Table legend:
 A = Non-vault XP
 B = Vault XP
 C = Vault XP percentage of total XP
 D = Non-vault monster count
 E = Vault monster count
 F = Vault count percentage of total count
                 A         B        C        D         E       F
            +---------+---------+-------+---------+---------+-------
      Total |      53 |       0 |   0.0 |      12 |       0 |   0.0
            +---------+---------+-------+---------+---------+-------
        D:1 |      18 |       0 |   0.0 |       9 |       0 |   0.0
        D:2 |      35 |       0 |   0.0 |       3 |       0 |   0.0
            +---------+---------+-------+---------+---------+-------
